 Dungeon Sprint DCSS version 0.19-a0-1526-gc2972aa (webtiles) character file.

6009 Groucho the Bludgeoner (level 10, -9/72 HPs)
             Began as a Gargoyle Berserker on Sept 13, 2016.
             Was the Champion of Trog.
             Mangled by an orc knight
             ... wielding a +0 great mace
              (29 damage)
             ... in the Dungeon (Sprint IX: "|||||||||||||||||||||||||||||").
             The game lasted 00:06:14 (2355 turns).

Groucho the Bludgeoner (Gargoyle Berserker)         Turns: 2355, Time: 00:06:15

Health: -9/72      AC: 26    Str: 26    XL:     10   Next: 85%
Magic:  10/10      EV: 16    Int:  7    God:    Trog [******]
Gold:   660        SH:  0    Dex: 11    Spells: 0 memorised, 9 levels left

rFire  . . .     SeeInvis .     f - +1 great mace (protect)
rCold  . . .     Gourm    .     b - +2 ring mail
rNeg   + . .     Faith    .     (shield currently unavailable)
rPois  ∞         Spirit   .     (no helmet)
rElec  +         Dismiss  .     a - +0 cloak
rCorr  .         Reflect  .     x - +0 pair of gloves
MR     ++...     Harm     .     (no boots)
Stlth  +......... NoTele   +    (no amulet)
                                o - +3 ring of strength
                                n - +2 ring of protection

@: regenerating
A: negative energy resistance 1, electricity resistance, unbreathing,
petrification resistance, rot immunity, AC +7
a: Berserk, Trog's Hand, Brothers in Arms, Burn Spellbooks, Renounce Religion


You were in the Dungeon.
You worshipped Trog.
Trog was exalted by your worship.
You were full.

You visited 1 branch You collected 660 gold pieces.

Inventory:

Hand Weapons
 f - a +1 great mace of protection (weapon)
 m - a +2 morningstar of crushing
Missiles
 j - 2 stones (quivered)
Armour
 a - a +0 cloak (worn)
 b - a +2 ring mail (worn)
 x - a +0 pair of gloves (worn)
Jewellery
 n - a +2 ring of protection (left hand)
 o - a +3 ring of strength (right hand)
Wands
 l - a wand of iceblast (7/15)
Scrolls
 i - 2 scrolls of blinking
 k - 5 scrolls of remove curse
 s - 2 scrolls of recharging
 t - a scroll of fear
 u - 2 scrolls of enchant weapon
Potions
 d - 8 potions of curing
 e - 3 potions of heal wounds
 g - 4 potions of magic
 h - a potion of invisibility
 p - a potion of ambrosia
 q - a potion of might
Comestibles
 r - 32 fruits
 v - 12 bread rations
 w - 12 meat rations


   Skills:
 + Level 12.7 Fighting
 * Level 15.7 Maces & Flails
 + Level 12.5 Armour
 + Level 9.8 Dodging


You had 9 spell levels left.
You didn't know any spells.

Dungeon Overview and Level Annotations

Branches:
Dungeon (1/1)

Altars:
Cheibriados
Dithmenos
Elyvilon
Fedhas
Gozag
Hepliaklqana
Kikubaaqudgha
Makhleb
Nemelex Xobeh
Okawaru
Qazlal
Ru
Sif Muna
Trog
Uskayaw
Vehumet
Xom
Yredelemnul
Zin
The Shining One
Beogh
Jiyva
Lugonu


Innate Abilities, Weirdness & Mutations

You are resistant to torment.
Your stone body is resilient. (AC +7)
You are immune to poison.
You resist negative energy. (rN+)
You are resistant to electric shocks. (rElec)
You can survive without breathing.
You are immune to petrification.
You are immune to rotting.


Message History

Unknown command.
You thump the orc knight!
The orc knight is moderately wounded.
The orc knight hits you with a great mace!!
Unknown command.
You hit the orc knight but do no damage.
The orc knight is moderately wounded.
An orc warrior comes into view. It is wielding a battleaxe.
Unknown command.
Unknown command.
Your skin crawls.
You feel resistant to hostile enchantments.
You feel somewhat less full.
The orc warrior shouts!
The orc knight hits you with a great mace!
* * * LOW HITPOINT WARNING * * *
Your deep troll goes berserk!
You feel somewhat less full.
The orc knight hits you with a great mace!!
You die...

▓[▓.▓.▓.▓_▓
▓.▓.▓)▓.▓_▓
▓.▓.▓%▓.▓_▓
▓.▓.▓.▓.▓_▓
▓.▓.▓.▓.▓_▓
▓.▓.▓.▓.▓_▓
▓.▓.▓.▓.▓_▓
▓T▓.▓.▓.▓_▓
▓@▓.▓)▓.▓_▓
▓o▓.▓.▓.▓_▓
▓o▓.▓.▓.▓_▓
▓o▓.▓.▓.▓_▓
▓o▓)▓'▓.▓_▓
▓o▓)▓.▓.▓_▓
▓o▓.▓.▓.▓_▓
▓o▓(▓.▓.▓_▓
▓.▓.▓.▓_▓


You could see 3 orc knights, 4 orc warriors and a friendly deep troll (berserk).

Vanquished Creatures
  Erolcha (D)
  A death yak (D)
  Sonja (D)
  An unseen horror (D)
  A black mamba (D)
  A komodo dragon (D)
  A troll (D)
  2 blink frogs (D)
  A yak (D)
  A hippogriff (D)
  A warg (D)
  5 hell hounds (D)
  5 porcupines (D)
  An orc warrior (D)
  A black bear (D)
  An ice beast (D)
  An eye of draining (D)
  A crocodile (D)
  3 wolves (D)
  A wight (D)
  A hound (D)
  A jelly (D)
  An orc priest (D)
  4 orc wizards (D)
  A gnoll shaman (D)
  An iguana (D)
  A worker ant (D)
  An adder (D)
  10 orcs (D)
  A ball python (D)
  A bat skeleton (D)
  A goblin (D)
  2 kobolds (D)
  A quokka (D)
  A giant gecko zombie (D)
  A giant newt (D)
60 creatures vanquished.

Vanquished Creatures (collateral kills)
  A hippogriff (D)
  A porcupine (D)
  A giant frog (D)
  An iguana (D)
4 creatures vanquished.

Grand Total: 64 creatures vanquished

Notes
Turn   | Place    | Note
-------+----------+-------------------------------------------
     0 | D        | Groucho the Gargoyle Berserker began the quest for the Orb.
     0 | D        | Reached XP level 1. HP: 14/14 MP: 1/1
    12 | D        | Reached ** piety under Trog
   230 | D        | Noticed a worker ant
   230 | D        | Noticed an orc wizard
   233 | D        | Reached skill level 4 in Maces & Flails
   233 | D        | Reached XP level 2. HP: 20/20 MP: 2/2
   238 | D        | Reached *** piety under Trog
   238 | D        | Reached skill level 5 in Maces & Flails
   238 | D        | Reached XP level 3. HP: 24/24 MP: 3/3
   244 | D        | Reached skill level 5 in Fighting
   244 | D        | Reached XP level 4. HP: 30/31 MP: 4/4
   246 | D        | Reached **** piety under Trog
   441 | D        | Found a roughly hewn altar of Beogh.
   441 | D        | Found a snail-covered altar of Cheibriados.
   441 | D        | Found a shadowy altar of Dithmenos.
   441 | D        | Found a white marble altar of Elyvilon.
   441 | D        | Found a blossoming altar of Fedhas.
   441 | D        | Found an opulent altar of Gozag.
   442 | D        | Found a hazy altar of Hepliaklqana.
   443 | D        | Found a viscous altar of Jiyva.
   444 | D        | Found an ancient bone altar of Kikubaaqudgha.
   445 | D        | Found a corrupted altar of Lugonu.
   446 | D        | Found a burning altar of Makhleb.
   447 | D        | Found a sparkling altar of Nemelex Xobeh.
   448 | D        | Found an iron altar of Okawaru.
   449 | D        | Found a stormy altar of Qazlal.
   450 | D        | Found a sacrificial altar of Ru.
   451 | D        | Found a deep blue altar of Sif Muna.
   452 | D        | Found a bloodstained altar of Trog.
   453 | D        | Found a hide-covered altar of Uskayaw.
   454 | D        | Found a radiant altar of Vehumet.
   455 | D        | Found a shimmering altar of Xom.
   456 | D        | Found a basalt altar of Yredelemnul.
   457 | D        | Found a glowing silver altar of Zin.
   458 | D        | Found a glowing golden altar of the Shining One.
   512 | D        | Noticed a black bear
   515 | D        | Killed a black bear
   515 | D        | Reached skill level 7 in Maces & Flails
   515 | D        | Reached skill level 5 in Armour
   515 | D        | Reached XP level 5. HP: 36/36 MP: 5/5
   519 | D        | Reached skill level 8 in Maces & Flails
   519 | D        | Reached XP level 6. HP: 34/42 MP: 6/6
   536 | D        | Reached ***** piety under Trog
   716 | D        | Noticed a troll
   716 | D        | Noticed an ice beast
   716 | D        | Noticed an eye of draining
   732 | D        | Killed an unseen horror
   732 | D        | Reached skill level 10 in Maces & Flails
   732 | D        | Reached XP level 7. HP: 22/50 MP: 0/7
   738 | D        | Killed a troll
   738 | D        | Reached skill level 11 in Maces & Flails
   738 | D        | Reached XP level 8. HP: 18/56 MP: 0/8
   929 | D        | Noticed a komodo dragon
   932 | D        | Received a gift from Trog
   939 | D        | Reached skill level 12 in Maces & Flails
   945 | D        | Killed a komodo dragon
   945 | D        | Reached skill level 10 in Fighting
   945 | D        | Reached skill level 10 in Armour
   945 | D        | Reached XP level 9. HP: 26/62 MP: 9/9
   951 | D        | Noticed a black mamba
   958 | D        | Reached skill level 13 in Maces & Flails
   968 | D        | Killed a black mamba
  1261 | D        | Received a gift from Trog
  1266 | D        | Noticed a death yak
  1735 | D        | Killed a death yak
  1735 | D        | Reached skill level 14 in Maces & Flails
  1735 | D        | Reached XP level 10. HP: 53/70 MP: 10/10
  1786 | D        | Received a gift from Trog
  1809 | D        | Reached skill level 15 in Maces & Flails
  1856 | D        | Noticed Erolcha
  1881 | D        | Killed Erolcha
  1881 | D        | Reached ****** piety under Trog
  2089 | D        | Noticed Sonja
  2104 | D        | Killed Sonja
  2104 | D        | Received a gift from Trog
  2193 | D        | Received a gift from Trog
  2347 | D        | Noticed an orc knight
  2347 | D        | Noticed an orc knight
  2347 | D        | Noticed an orc knight
  2355 | D        | Mangled by an orc knight

Vault maps used:
D:        linesprint

Skill      XL: |  1  2  3  4  5  6  7  8  9 10 |
---------------+-------------------------------+-----
Fighting       | 4 5 6 8 9 10 11 12 | 12.7
Maces & Flails | 4 5 7 8 10 11 12 14 15 | 15.7
Armour         | 3 4 5 6 8 10 11 12 | 12.5
Dodging        | 2 3 4 6 7 8 9 |  9.8

Action                   |  1- 3 |  4- 6 |  7- 9 | 10-12 || total
-------------------------+-------+-------+-------+-------++-------
Melee: Mace              |    28 |     2 |       |       ||    30
       Morningstar       |       |    38 |    85 |    44 ||   167
       Great mace        |       |       |       |    43 ||    43
Invok: Trog's Hand       |       |     1 |     3 |     2 ||     6
       Brothers in Arms  |       |       |     1 |     1 ||     2
  Use: Potion            |     1 |       |     3 |       ||     4
  Eat: Chunk             |       |       |     2 |       ||     2
       Bread ration      |       |       |     1 |       ||     1
       Fruit             |       |       |       |     8 ||     8
Armor: Animal skin       |     9 |     2 |       |       ||    11
       Ring mail         |       |    24 |    26 |    28 ||    78
Dodge: Dodged            |    17 |    24 |    54 |    49 ||   144
